 Dungeon Crawl Stone Soup version 0.29-a0-598-gd8304a5bf4 (webtiles) character file.

Game seed: 3800233452704829344

144 testman the Skirmisher (level 5, 0/47 HPs)
             Began as a Meteoran Fighter on June 15, 2022.
             Slain by a gnoll
             ... wielding a +0 flail
              (4 damage)
             ... on level 4 of the Dungeon.
             The game lasted 00:03:06 (693 turns).

testman the Skirmisher (Meteoran Fighter)            Turns: 693, Time: 00:03:06

Health: 0/47       AC:  8    Str: 19    XL:     5   Next: 81%
Magic:  6/6        EV:  9    Int: 10    God:
Gold:   57         SH:  5    Dex: 13    Spells: 4/4 levels left

rFire   . . .      SeeInvis .   a - +0 war axe
rCold   . . .      Faith    .   c - +0 buckler
rNeg    . . .      Spirit   .   b - +0 scale mail
rPois   .          Reflect  .   (no helmet)
rElec   .          Harm     .   (no cloak)
rCorr   .          Rampage  .   f - +0 pair of gloves
Will    .....                   (no boots)
Stlth   ..........              (no amulet)
HPRegen 0.15/turn               (no ring)
MPRegen 0.10/turn               (no ring)

@: glowing
A: sense surroundings 1, otherworldly, glowing, explore regen
a: no special abilities


You were on level 4 of the Dungeon.
You visited 1 branch of the dungeon, and saw 5 of its levels.

You collected 57 gold pieces.

Inventory:

Hand Weapons
 a - a +0 war axe (weapon)
Missiles
 m - 2 poisoned darts (quivered)
Armour
 b - a +0 scale mail (worn)
 c - a +0 buckler (worn)
 f - a +0 pair of gloves (worn)
Scrolls
 e - a scroll of brand weapon {unknown}
 h - a scroll of magic mapping {unknown}
 i - a scroll of acquirement {unknown}
Potions
 d - a potion of might
 g - 2 potions of brilliance {unknown}
 j - a potion of magic {unknown}
 k - a potion of resistance {unknown}
 l - a potion of cancellation {unknown}
 n - a potion of attraction {unknown}


   Skills:
 + Level 4.8 Fighting
 + Level 4.5 Axes
 - Level 4.0 Armour
 - Level 4.0 Shields


You had 4 spell levels left.
You didn't know any spells.
Your spell library was empty.

Dungeon Overview and Level Annotations

Branches:
Dungeon (5/15) Zot: 2270
 Temple: D:4-7

Altars:


Innate Abilities, Weirdness & Mutations

You passively map a small area around you.
You are easily found by Zot.
You glow in the dark.
You regain HP and MP as you explore.


Message History

The gnoll barely misses you.
The gnoll hits you from afar with a +2 halberd of freezing.
The gnoll freezes you.
You barely miss the gnoll.
The gnoll is severely wounded.
You block the gnoll's attack. x2; The gnoll closely misses you.
The gnoll hits you but does no damage.
You hit the gnoll but do no damage.
The gnoll is severely wounded.
You block the gnoll's attack. x2
You closely miss the gnoll.
The gnoll is severely wounded.
The gnoll hits you but does no damage. The gnoll barely misses you.
You closely miss the gnoll.
The gnoll is severely wounded.
The gnoll hits you with a +0 club!
The gnoll hits you from afar with a +2 halberd of freezing!
The gnoll freezes you.
You slash the gnoll!
You kill the gnoll!
The gnoll hits you from afar with a +2 halberd of freezing.
The gnoll freezes you. The gnoll closely misses you.
You block the gnoll's attack.
You see here a +0 club.
You hit the gnoll.
The gnoll is heavily wounded.
The gnoll closely misses you.
You barely miss the gnoll.
The gnoll is heavily wounded.
The gnoll hits you with a +2 halberd of freezing!
* * * LOW HITPOINT WARNING * * *
The gnoll freezes you.
* * * LOW HITPOINT WARNING * * *
You hit the gnoll.
The gnoll is almost dead.
The gnoll barely misses you. x2
You hit the gnoll.
You kill the gnoll!
You closely miss the gnoll. The gnoll hits you with a +0 flail.
You die...

,.......,* * .#.#g
.# * .... #.# *##'##
#.# ##...## #.#
##.....## #)##
#.......## #..##
#.........####...##
+.........g@......#
#.........####...##
**
##.......#####..####
##.....###........#
##...## #.##.###.#
##+# #.##.###.# #.#
#.##.....# #.#
#.######.# ##.## #.#
#.#


You could see a gnoll.

Vanquished Creatures
  10 gnolls
  An adder (D:3)
  2 dart slugs
  A ball python (D:1)
  2 endoplasms (D:4)
  4 goblins
  2 hobgoblins (D:1)
  8 jackals
  2 kobolds
  2 quokkas
  A frilled lizard (D:2)
  A rat (D:2)
36 creatures vanquished.

Notes
Turn   | Place    | Note
-------+----------+-------------------------------------------
     0 | D:1      | testman the Meteoran Fighter began the quest for the Orb.
     0 | D:1      | Reached XP level 1. HP: 19/19 MP: 2/2
    36 | D:1      | Reached XP level 2. HP: 14/26 MP: 3/3
   295 | D:2      | Reached XP level 3. HP: 24/31 MP: 4/4
   483 | D:4      | Reached XP level 4. HP: 34/40 MP: 5/5
   541 | D:5      | Entered Level 5 of the Dungeon
   549 | D:5      | Noticed a scorpion
   550 | D:5      | Reached XP level 5. HP: 25/47 MP: 6/6
   693 | D:4      | Slain by a gnoll

Illustrated notes

Levels and vault maps discovered:
D:1:      lemuel_arrival_cross, layout_basic, shapermc_ecumenical_altar_pompeii
D:2:      layout_loops_ring, minmay_pentomino_s4, uniq_terence, uniq_jessica,
          uniq_robin
D:3:      layout_loops_ring
D:4:      layout_loops_corners, marbit_many_paths
D:5:      layout_basic, minmay_temple_entry_poolview

Skill      XL: |  1  2  3  4  5 |
---------------+----------------+-----
Armour         | 4 |  4.0
Shields        | 4 |  4.0
Axes           | 3 4 |  4.5
Fighting       | 4 |  4.8

Action                   |  1- 3 |  4- 6 || total
-------------------------+-------+-------++-------
Melee: War axe           |    55 |    42 ||    97
Armor: Scale mail        |    30 |    15 ||    45
Dodge: Dodged            |    18 |    19 ||    37
Block: Buckler           |    17 |     8 ||    25

Table legend: (Time is in decaauts)
 A = Elapsed time spent in this place.
 B = Non-inter-level travel time spent in this place.
 C = Inter-level travel time spent in this place.
 D = Time resting spent in this place.
 E = Time spent auto-exploring this place.
 F = Levels seen in this place.
 G = Mean time per level.
                   A        B        C        D        E       F      G
               +--------+--------+--------+--------+--------+-----+--------+
         Total |    728 |    702 |     26 |      0 |    360 |   5 |  145.6 |
       Dungeon |    728 |    702 |     26 |      0 |    360 |   5 |  145.6 |
               +--------+--------+--------+--------+--------+-----+--------+

Top non-repeatable levels by time:
     D:4: 239 daAuts
     D:1: 231 daAuts
     D:2: 154 daAuts
     D:3: 90 daAuts
     D:5: 12 daAuts
